 Dungeon Crawl Stone Soup version 0.30-a0-365-ge7f957f1db (webtiles) character file.

Game seed: 16361863657662038846

231 funkygono the Firebug (level 5, -10/36 HPs)
             Began as a Demonspawn Fire Elementalist on Nov 17, 2022.
             Engulfed by a cloud of flame (15 damage)
             ... on level 2 of the Dungeon.
             The game lasted 00:04:01 (2066 turns).

funkygono the Firebug (DsFE)                        Turns: 2066, Time: 00:04:02

Health: -10/36     AC:  3    Str:  5 (8)  XL:     5   Next: 72%
Magic:  10/10      EV: 12    Int: 18 (19) God:
Gold:   125        SH:  4    Dex: 12 (13) Spells: 4/10 levels left

rFire   . . .      SeeInvis +    i - +0 quarterstaff (spect)
rCold   . . .      Faith    .    (shield currently unavailable)
rNeg    . . .      Spirit   .    a - +0 robe
rPois   .          Reflect  .    (helmet restricted)
rElec   .          Harm     .    (no cloak)
rCorr   .          Rampage  .    (no gloves)
Will    .....                    l - +0 pair of boots
Stlth   ++........               (no amulet)
HPRegen 0.26/turn                c - ring of see invisible
MPRegen 0.12/turn                k - +4 ring of slaying

@: weak-willed
A: horns 2, large bone plates 1
a: no special abilities


You were on level 2 of the Dungeon.
You visited 1 branch of the dungeon, and saw 2 of its levels.

You collected 125 gold pieces.

Inventory:

Hand Weapons
 h - a +0 club
 i - a +0 spectral quarterstaff (weapon)
Armour
 a - a +0 robe (worn)
 l - a +0 pair of boots (worn)
Jewellery
 c - a ring of see invisible (left hand)
 k - a +4 ring of slaying (right hand)
 q - a +4 ring of evasion
Scrolls
 d - 3 scrolls of teleportation
 n - a scroll of poison
Potions
 b - a potion of magic
 e - a potion of invisibility
 o - a potion of mutation
 t - a potion of curing {unknown}


   Skills:
 + Level 0.4 Fighting
 + Level 2.3 Dodging
 - Level 1.7 Stealth
 + Level 3.3 Spellcasting
 + Level 2.3 Conjurations
 + Level 4.4 Fire Magic


You had 4 spell levels left.
You knew the following spells:

 Your Spells              Type           Power      Damage    Failure   Level
a - Foxfire               Conj/Fire      60%        2x1d7     4%          1
b - Scorch                Fire           38%        2d6       3%          2
c - Kindle Blastsparks    Fire/Tloc/Air  16%        2d11      26%         3

Your spell library contained the following spells:

 Spells                   Type           Power      Damage    Failure   Level
 Sandblast                Erth           6%         2d5       16%         1
 Inner Flame              Hex/Fire       11%        N/A       19%         3
 Ensorcelled Hibernation  Hex/Ice        6%         N/A       24%         2
 Passwall                 Tmut/Erth      2%         N/A       24%         2
 Stone Arrow              Conj/Erth      14%        3d7       30%         3
 Flame Wave               Conj/Fire      15%        2d7       36%         4
 Gell's Gravitas          Tloc           3%         N/A       43%         3
 Spider Form              Tmut/Pois      3%         N/A       43%         3
 Teleport Other           Tloc           3%         N/A       43%         3
 Anguish                  Hex/Necr       1%         N/A       83%         4
 Dispersal                Tloc           1%         N/A       100%        6


Dungeon Overview and Level Annotations

Branches:
Dungeon (2/15)

Altars:


Innate Abilities, Weirdness & Mutations

You have a pair of horns on your head.
You are partially covered in large bone plates. (SH +4)


Message History

Your butterfly disappears in a burst of colours!
Unknown command.
Done exploring.
As you read the scroll labelled DOLUXUGIAMN, it crumbles to dust.
The creatures around you are filled with an inner flame!
It was a scroll of immolation.
As you read the scroll labelled YCETUEVUGASTE, it crumbles to dust.
You feel momentarily disoriented.
It was a scroll of magic mapping.
Your butterfly is poisoned.
Your butterfly is engulfed in poison gas.
Your butterfly is poisoned.
Your butterfly disappears in a burst of colours!
Your butterfly explodes!
The fiery explosion engulfs your butterfly!!
Your butterfly disappears in a burst of colours!
Your butterfly explodes!
The fiery explosion engulfs your butterfly!!
Your butterfly disappears in a burst of colours!
Your butterfly explodes!
Unknown command.
Unknown command.
Your butterfly is engulfed in poison gas.
Your butterfly is poisoned.
Your butterfly disappears in a burst of colours!
Your butterfly explodes!
The fiery explosion engulfs you!!
Ouch! That really hurt!
* * * LOW HITPOINT WARNING * * *
Your butterfly is engulfed in blazing flames.
Your butterfly disappears in a burst of colours!
Your butterfly explodes!
Really walk into that cloud of poison gas?
Okay, then.
You're standing in a cloud of flame!
Okay, then.
It was a potion of degeneration.
There was something very wrong with that liquid.
You feel weakened.
You feel dopey.
You feel clumsy.
You are engulfed in blazing flames.
You die...

########.....b##....#.......
#..........#.#8....)8
#....§§§.............
#...§§°###...........
#..§§§§§b...........#
#..§§§§b.bb#.........
#b.§§§.########.#....
####§### #.#.... #§@#
#...... ##### #§## #..###.
#...# #§###########..####
#...###§#................
#.....§§..###############
#...####### #...# #####


There were no monsters in sight!

Vanquished Creatures
  Sigmund (D:2)
  Jessica (D:2)
  An adder (D:2)
  A worm (D:2)
  A dart slug (D:2)
  A ball python (D:1)
  An endoplasm (D:1)
  6 goblins (D:2)
  A hobgoblin (D:2)
  3 jackals (D:1)
  A quokka (D:2)
  2 bats
  A frilled lizard (D:2)
  A kobold (D:2)
  A rat (D:2)
23 creatures vanquished.

Vanquished Creatures (others)
  86 foxfires
86 creatures vanquished.

Grand Total: 109 creatures vanquished

Notes
Turn   | Place    | Note
-------+----------+-------------------------------------------
     0 | D:1      | funkygono the Demonspawn Fire Elementalist began the quest
                  | for the Orb.
     0 | D:1      | Reached XP level 1. HP: 13/13 MP: 3/3
    57 | D:1      | Found a faded altar of an unknown god.
   841 | D:2      | Noticed Jessica
   845 | D:2      | Killed Jessica
   846 | D:2      | Reached skill level 3 in Fire Magic
   846 | D:2      | Gained mutation: You have a pair of small horns on your
                  | head. [demonic ancestry]
   846 | D:2      | Reached XP level 2. HP: 19/19 MP: 0/5
   846 | D:2      | Gained mutation: You have a pair of horns on your head.
                  | [demonic ancestry]
   846 | D:2      | Reached XP level 3. HP: 24/24 MP: 0/6
   849 | D:2      | Learned a level 2 spell: Scorch
   853 | D:2      | Learned a level 3 spell: Kindle Blastsparks
  1036 | D:2      | Noticed Sigmund
  1573 | D:2      | Killed Sigmund
  1574 | D:2      | Reached skill level 4 in Fire Magic
  1574 | D:2      | Reached XP level 4. HP: 31/31 MP: 0/8
  1574 | D:2      | Gained mutation: You are partially covered in large bone
                  | plates. (SH +4) [demonic ancestry]
  1574 | D:2      | Reached XP level 5. HP: 36/36 MP: 0/9
  2066 | D:2      | Engulfed by a cloud of flame

Illustrated notes

Levels and vault maps discovered:
D:1:      heliophobic_arrival_enchanted_forest, layout_basic,
          chequers_ecumenical_altar_simple_redux, roderic_lattice_a,
          nrook_loot_triangle
D:2:      kennysheep_the_goblin_king, layout_rooms, basic_altar,
          grunt_decor_resistance, uniq_jessica, uniq_sigmund

Skill      XL: |  1  2  3 |
---------------+----------+-----
Dodging        | 2 |  2.3
Fire Magic     | 3 4 |  4.4
Spellcasting   | 3 |  3.3
Conjurations   | 2 |  2.3
Fighting       | |  0.4
Stealth        | |  1.7

Action                   |  1- 3 |  4- 6 || total
-------------------------+-------+-------++-------
 Cast: Foxfire           |    42 |     8 ||    50
       Scorch            |     2 |       ||     2
  Use: Scroll            |       |     9 ||     9
       Potion            |       |     1 ||     1
Armor: Robe              |     1 |       ||     1
Dodge: Dodged            |    11 |       ||    11

Table legend: (Time is in decaauts)
 A = Elapsed time spent in this place.
 B = Non-inter-level travel time spent in this place.
 C = Inter-level travel time spent in this place.
 D = Time resting spent in this place.
 E = Time spent auto-exploring this place.
 F = Levels seen in this place.
 G = Mean time per level.
                   A        B        C        D        E       F      G
               +--------+--------+--------+--------+--------+-----+--------+
         Total |   2064 |   2045 |     19 |     69 |   1506 |   2 | 1032.0 |
       Dungeon |   2064 |   2045 |     19 |     69 |   1506 |   2 | 1032.0 |
               +--------+--------+--------+--------+--------+-----+--------+

Top non-repeatable levels by time:
     D:2: 1081 daAuts
     D:1: 983 daAuts
